 Dungeon Crawl Stone Soup version 0.31.0-9-g3a7656b989 (webtiles) character file.

Game seed: 517835927368486502

6 qw the Shooter (level 1, -1/10 HPs)
             Began as a Spriggan Hunter on Feb 2, 2024.
             Slain by a hobgoblin (2 damage)
             ... on level 1 of the Dungeon.
             The game lasted 00:00:00 (110 turns).

qw the Shooter (Spriggan Hunter)                     Turns: 110, Time: 00:00:00

Health: -1/10      AC:  2    Str:  7    XL:     1   Next: 75%
Magic:  2/2        EV: 18    Int: 10    God:
Gold:   0          SH:  0    Dex: 18    Spells: 0/0 levels left

rFire   . . .        a - +0 shortbow
rCold   . . .        (shield currently unavailable)
rNeg    . . .        c - +0 robe
rPois   .            (helmet restricted)
rElec   .            (no cloak)
rCorr   .            (gloves unavailable)
SInv    +            (boots unavailable)
Will    .....        (no amulet)
Stlth   ++           (no ring)
HPRegen 0.21/turn    (no ring)
MPRegen 0.08/turn

%: no passive effects
@: very quick
A: very small, no large weapons, unfitting armour, see invisible, speed 3
a: no special abilities


You were on level 1 of the Dungeon.
You visited 1 branch of the dungeon, and saw 1 of its levels.


Innate Abilities, Weirdness & Mutations

You are very small and have problems with some larger weapons.
You are too small for most types of armour.
You have supernaturally acute eyesight. (SInv)
You cover ground extremely quickly. (Speed+++)


   Skills:
 - Level 1.5 Fighting
 - Level 4.0 Ranged Weapons
 + Level 3.5 Dodging
 - Level 1.5 Stealth


You couldn't memorise any spells.
You didn't know any spells.
Your spell library was empty.

Inventory:

Hand Weapons
 a - a +0 shortbow (weapon)
Armour
 c - a +0 robe (worn)
Scrolls
 b - a scroll of butterflies
Potions
 d - a potion of brilliance {unknown}

Dungeon Overview and Level Annotations

Branches:
Dungeon (1/15)

Altars:


Message History

The arrow hits the kobold.
The kobold is heavily wounded.
The jackal barely misses you. The hobgoblin closely misses you.
The kobold barely misses you.
You shoot an arrow. The arrow hits the kobold.
You kill the kobold!
The jackal completely misses you. The hobgoblin misses you.
You shoot an arrow. The arrow closely misses the jackal.
The jackal completely misses you. The hobgoblin hits you.
The jackal misses you. The hobgoblin closely misses you.
The jackal closely misses you.
You shoot an arrow. The arrow barely misses the jackal.
The jackal completely misses you. The jackal closely misses you.
The jackal misses you. The hobgoblin barely misses you.
You shoot an arrow.
The arrow hits the jackal but does no damage.
The jackal completely misses you. The jackal misses you.
The jackal bites you but does no damage.
The hobgoblin hits you but does no damage.
The jackal barely misses you.
You shoot an arrow. The arrow hits the jackal.
The jackal is lightly wounded.
The jackal bites you. The jackal closely misses you.
The goblin hits you with a +0 club. The hobgoblin completely misses you.
The jackal misses you.
You shoot an arrow. The arrow barely misses the jackal.
The jackal misses you. The goblin closely misses you.
The jackal barely misses you. The hobgoblin closely misses you.
The jackal misses you.
You shoot an arrow.
The arrow hits the jackal but does no damage.
The jackal is lightly wounded.
The jackal misses you. The goblin hits you with a +0 club.
The jackal closely misses you. The hobgoblin hits you.
The jackal closely misses you. The goblin closely misses you.
The jackal barely misses you. The hobgoblin completely misses you.
You shoot an arrow. The arrow hits the jackal.
You kill the jackal!
The jackal completely misses you. The goblin closely misses you.
The hobgoblin hits you.
You die...

.. .... .# #... # ##
#.##..P P# ... #.P...
..# #.# ##.P7!777..#
#..# ##.P...7PP.P#
#...###....gg%....#
########...####h@##...#
...................#
...#..##.#######..#
##.#..#...###.# ..#
....%...#....# .#
##.###.##...#.## .# ...
#.....#.## #
##.###.#####77
##.....####


You could see a jackal, a hobgoblin and a goblin.

Vanquished Creatures
  2 giant cockroaches (D:1)
  A goblin (D:1)
  A jackal (D:1)
  A kobold (D:1)
  A ball python (D:1)
6 creatures vanquished.

Notes
Turn   | Place    | Note
-------+----------+-------------------------------------------
     0 | D:1      | qw the Spriggan Hunter began the quest for the Orb.
     0 | D:1      | Reached XP level 1. HP: 10/10 MP: 2/2
     0 | D:1      | 0 ||| qw: Version: 0.3-a-155-g5e7d8dd
     0 | D:1      | 0 ||| qw: Game counter: 2876
     0 | D:1      | 0 ||| qw: Melee chars always use a shield: true
     0 | D:1      | 0 ||| qw: God list: Okawaru
     0 | D:1      | 0 ||| qw: Allow faded altars: false
     0 | D:1      | 0 ||| qw: Do Orc after clearing Dungeon:15 true
     0 | D:1      | 0 ||| qw: Do second Lair branch before Depths: true
     0 | D:1      | 0 ||| qw: Lair rune preference: random
     0 | D:1      | 0 ||| qw: Goals: Normal
     0 | D:1      | 0 ||| PLANNING D:1-11
    24 | D:1      | HP: 2/10 [goblin/+0 dagger (3)]
    26 | D:1      | Reached skill level 3 in Dodging
   109 | D:1      | HP: 2/10 [goblin/+0 club (4)]
   110 | D:1      | Slain by a hobgoblin

Levels and vault maps discovered:
D:1:      shiori_arrival_oz, layout_loops_ring, serial_forest,
          infiniplex_forest_end_2, infiniplex_forest_clump_curved,
          infiniplex_forest_lined_2, infiniplex_forest_clump_curved,
          grunt_decor_one_mirror

Skill      XL: |  1 |
---------------+----+-----
Dodging        | 3 |  3.5
Fighting       | |  1.5
Ranged Weapons | |  4.0
Stealth        | |  1.5

Action                     || total
---------------------------++-------
   Fire: Shortbow          ||    34
 Armour: Robe              ||    13
  Dodge: Dodged            ||    52

Table legend:
 A = Non-vault XP
 B = Vault XP
 C = Vault XP percentage of total XP
 D = Non-vault monster count
 E = Vault monster count
 F = Vault count percentage of total count
                 A         B        C        D         E       F
            +---------+---------+-------+---------+---------+-------
      Total |      11 |       0 |   0.0 |       6 |       0 |   0.0
            +---------+---------+-------+---------+---------+-------
        D:1 |      11 |       0 |   0.0 |       6 |       0 |   0.0
            +---------+---------+-------+---------+---------+-------
